Map: Deathaura LE

Players

TheMiner - Winner!

  • Race: Protoss Protoss
  • League: Gold
  • Spawn Location: 5:00

KawaiiRob

  • Race: Terran Terran
  • League: Silver
  • Spawn Location: 11:00

VOD

Have the link to the VOD?

Description

Time

  • Played on: Oct. 7, 2020, 8:55 p.m.
  • Length: 8:32
Show
View Real Time Build Order
Export as new Build Order

TheMiner Protoss - Winner!

Build Orders: Colossus Rush 

Get SALT Encoding   

  12  0:01  Probe  
  13  0:13  Probe  
  14  0:21  Pylon  
  14  0:25  Probe  
  15  0:39  Probe (Chrono Boost)  
  16  0:42  Gateway  
  17  0:50  Probe (Chrono Boost)  
  17  0:54  Assimilator  
  17  0:55  Probe (Chrono Boost)  
  18  1:05  Probe (Chrono Boost)  
  19  1:13  Gateway  
  19  1:15  Probe (Chrono Boost)  
  20  1:20  Probe (Chrono Boost)  
  21  1:28  Assimilator  
  21  1:31  Cybernetics Core  
  21  1:32  Probe  
  22  1:48  Pylon  
  22  1:57  Probe  
  23  2:06  Gateway  
  23  2:09  Probe (Chrono Boost)  
  23  2:10  Stargate  
  23  2:11  Warp Gate (Chrono Boost)  
  24  2:20  Probe (Chrono Boost)  
  25  2:23  Stalker  
  25  2:29  Probe  
  27  2:30  Pylon  
  28  2:41  Probe  
  29  2:53  Probe  
  30  3:05  Probe  
  30  3:10  Nexus  
  31  3:13  Void Ray  
  35  3:21  Probe  
  36  3:29  Pylon  
  36  3:33  Probe  
  37  3:45  Probe  
  38  3:52  Robotics Facility  
  38  3:54  Stalker x2  
  42  3:59  Stalker  
  44  4:06  Probe  
  45  4:14  Pylon  
  45  4:18  Probe  
  45  4:20  Pylon  
  45  4:23  Probe  
  47  4:30  Probe  
  48  4:36  Probe  
  49  4:40  Robotics Bay  
  49  4:42  Probe  
  49  4:43  Observer  
  51  4:48  Probe  
  51  4:51  Stalker  
  51  4:52  Stalker  
  56  4:54  Probe  
  56  4:57  Stalker  
  59  5:00  Probe  
  59  5:05  Observer (Chrono Boost)  
  59  5:06  Probe  
  62  5:12  Probe  
  62  5:14  Assimilator  
  63  5:18  Probe  
  64  5:24  Probe  
  65  5:31  Probe  
  65  5:35  Assimilator  
  66  5:36  Probe  
  66  5:37  Colossus (Chrono Boost)  
  73  5:43  Probe  
  73  5:47  Zealot x2  
  78  6:13  Nexus  
  78  6:14  Extended Thermal Lance (Chrono Boost), Pylon  
  78  6:16  Pylon  
  78  6:18  Void Ray  
  78  6:29  Colossus (Chrono Boost)  
  78  6:32  Probe x2  
  86  6:35  Pylon  
  84  6:50  Probe (Chrono Boost)  
  84  6:53  Probe (Chrono Boost)  
  87  7:02  Probe (Chrono Boost)  
  87  7:06  Probe (Chrono Boost), Void Ray  
  87  7:07  Probe (Chrono Boost), Forge  
  88  7:14  Probe  
  94  7:16  Probe  
  95  7:25  Probe  
  95  7:26  Probe  
  95  7:29  Probe  
  98  7:33  Gateway  
  98  7:36  Gateway  
  98  7:38  Probe x2  
  98  7:41  Probe  
  98  7:44  Void Ray  
Show
View Real Time Build Order
Export as new Build Order

KawaiiRob Terran 

Build Orders: Reaper Expand 

Get SALT Encoding   

  12  0:00  SCV  
  13  0:12  SCV  
  14  0:17  Supply Depot  
  14  0:24  SCV  
  15  0:39  SCV  
  16  0:43  Barracks  
  16  0:51  SCV  
  17  1:03  SCV  
  18  1:05  Refinery  
  18  1:15  SCV  
  19  1:46  Command Center  
  19  1:47  Reaper  
  19  1:49  Orbital Command  
  20  2:14  Bunker  
  20  2:17  Supply Depot  
  20  2:20  SCV  
  21  2:27  Marine  
  22  2:32  SCV, Factory  
  22  2:33  Refinery  
  23  2:45  Barracks Reactor  
  24  2:51  SCV  
  24  2:57  Supply Depot  
  24  3:03  SCV  
  25  3:14  Orbital Command  
  25  3:17  SCV  
  26  3:22  Widow Mine  
  28  3:27  Starport  
  28  3:29  SCV  
  28  3:31  Supply Depot  
  29  3:41  SCV  
  29  3:45  Engineering Bay, Marine x2  
  29  3:46  Engineering Bay  
  31  3:49  Widow Mine  
  33  3:57  SCV x2  
  35  4:05  Marine  
  35  4:06  Marine  
  35  4:09  SCV x2  
  41  4:12  Viking  
  41  4:15  Terran Infantry Weapons Level 1  
  41  4:21  SCV  
  42  4:29  Supply Depot  
  42  4:33  SCV x2  
  44  4:38  Missile Turret  
  44  4:39  Missile Turret  
  44  4:43  Widow Mine  
  46  4:57  Terran Infantry Armor Level 1  
  46  4:58  SCV x2  
  48  5:00  Medivac  
  48  5:05  Widow Mine  
  52  5:10  SCV  
  52  5:11  Command Center  
  52  5:13  SCV  
  52  5:14  Marine  
  55  5:22  Missile Turret  
  55  5:25  SCV x2  
  57  5:28  Factory Tech Lab  
  57  5:31  Starport Tech Lab  
  57  5:43  Marine x2  
  57  5:44  SCV x2  
  57  5:49  Supply Depot  
  61  5:50  Refinery  
  61  5:52  Refinery  
  61  5:56  SCV x2  
  63  6:01  Barracks  
  63  6:02  Barracks  
  63  6:07  Supply Depot  
  63  6:08  SCV  
  63  6:10  Marauder  
  63  6:11  Stimpack  
  66  6:15  Supply Depot  
  66  6:29  Widow Mine x2  
  66  6:51  Barracks Reactor  
  66  6:52  Barracks Reactor  
  62  6:55  Marauder  
  64  7:05  Widow Mine x2  
  68  7:09  Liberator  
  68  7:11  SCV x2  
  73  7:17  Armory  
  73  7:19  Marauder  
  75  7:26  Orbital Command  
  75  7:31  Marine x2  
  75  7:32  Marine x2  
  75  7:34  Widow Mine  
  75  7:35  Widow Mine  
  83  7:39  Marine  
  84  7:47  Starport  
  84  7:49  Marine  
  86  7:51  SCV x2  
  86  7:54  Command Center  
  86  7:58  Supply Depot  
Tags
 
Add a new tag
Caveats
  • Supply blocks, unpowered buildings, or Contaminate may cause inaccurate times.
  • Supply counts are checked every 10 seconds.